AoeStats
← paultse

Arena

510332911Analyzed
4v4 RM · 2d ago on Sep 30, 2026· 30m 55s· 8 players
Game mode
Random Map
Map size
Large (8 player)
Population
200
Speed
Normal
Resources
Standard
Victory
Conquest
Starting age
Dark Age
Ending age
Imperial Age
RankedLock teamsTeams togetherTeam positionsShared explorationLock speedFull tech treeHidden civsTurbo modeCheats
Victory
Defeat
🇦🇷 Malay · Argentina
1172
+14
🇭🇰 Mongols · Hong Kong SAR China
1149
+15
🇬🇧 Franks · United Kingdom
1144
+14
🇨🇳 Spanish · China
1139
+15
🇹🇼 Magyars · Taiwan
1137
-15
🇨🇳 Ethiopians · China
1136
-15
🇪🇸 Franks · Spain
1106
-14
🇺🇸 Aztecs · United States
1102
-14
EARLYRUSH
10:41 Feudal Age
12:23 Wheelbarrow
13:26 Double-Bit Axe
15:54 Castle Age
14:28 Stone Mining
15:54 Horse Collar
21:45 Bow Saw
22:56 Heavy Plow
DOM
2:53 Loom
10:30 Feudal Age
12:39 Double-Bit Axe
15:57 Castle Age
14:23 Scale Barding Armor
14:28 Stone Mining
14:58 Gold Mining
16:48 Bow Saw
18:56 Husbandry
20:02 Fervor
21:56 Gold Shaft Mining
23:09 Ballistics
22:39 Gambesons
22:57 Pikeman
25:51 Forging
27:44 Iron Casting
28:39 Wheelbarrow
28:52 Fletching
29:44 Fortified Wall
韓國魚
0:35 Loom
10:33 Feudal Age
14:22 Castle Age
13:15 Double-Bit Axe
13:37 Horse Collar
18:37 Bow Saw
23:16 Wheelbarrow
23:59 Heavy Plow
25:36 Hand Cart
26:06 Gold Mining
26:07 Stone Mining
30:11 Imperial Age
27:56 Pikeman
28:40 Scale Mail Armor
28:30 Fletching
30:26 Gold Shaft Mining
29:49 Bodkin Arrow
30:11 Chain Mail Armor
zanzan114514
9:53 Feudal Age
13:32 Castle Age
11:43 Double-Bit Axe
12:19 Horse Collar
14:39 Wheelbarrow
16:42 Bow Saw
27:31 Hand Cart
31:54 Imperial Age
30:10 Loom
30:11 Town Watch
Eros
13:16 Feudal Age
13:42 Horse Collar
17:12 Castle Age
22:39 Loom
23:44 Scale Barding Armor
25:25 Forging
26:43 Iron Casting
26:32 Husbandry
26:56 Gold Mining
27:59 Double-Bit Axe
YuangXue
9:59 Feudal Age
10:38 Double-Bit Axe
13:48 Castle Age
13:43 Horse Collar
22:58 Padded Archer Armor
24:26 Bow Saw
27:16 Leather Archer Armor
28:54 Gold Mining
29:49 Wheelbarrow
paultse
10:07 Feudal Age
8:23 Loom
13:54 Castle Age
12:09 Double-Bit Axe
16:26 Bow Saw
16:00 Horse Collar
22:49 Wheelbarrow
22:00 Town Watch
22:16 Stone Mining
23:28 Bloodlines
23:42 Gold Mining
26:26 Fletching
26:36 Padded Archer Armor
26:59 Ballistics
27:44 Heavy Plow
31:46 Imperial Age
29:51 Husbandry
29:50 Bodkin Arrow
30:11 Leather Archer Armor
30:44 Hand Cart
K
11:10 Feudal Age
14:59 Castle Age
13:00 Double-Bit Axe
23:20 Gold Mining
23:47 Bow Saw
23:37 Stone Mining
24:06 Forging
24:01 Scale Barding Armor
27:22 Gold Shaft Mining
27:40 Wheelbarrow
26:50 Loom
26:52 Town Watch
27:50 Iron Casting
27:35 Chain Barding Armor
26:58 Treadmill Crane
30:01 Imperial Age
28:32 Ordonnance Companies
30:41 Husbandry
30:03 Cavalier
31:08 Conscription
32:22 Blast Furnace
31:58 Plate Barding Armor
Connection lost

Rejoining the realm…

Still unreachable

The connection could not be restored.

Session expired

The server has moved on; the page needs a fresh start.